Map: Overgrown Facility

Players

FritzOnFire - Winner!

  • Race: Terran Terran
  • Spawn Location: 3:00

MegroN

  • Race: Zerg Zerg
  • League: Diamond
  • Spawn Location: 9:00

HoneyBadger - Winner!

  • Race: Protoss Protoss
  • League: Diamond
  • Spawn Location: 1:00

Sparky

  • Race: Terran Terran
  • Spawn Location: 7:00

VOD

Have the link to the VOD?

Description

vs Megron

Time

  • Played on: July 5, 2019, 10:44 a.m.
  • Length: 31:54
Show
View Real Time Build Order
Export as new Build Order

FritzOnFire Terran - Winner!

Build Orders:  

Get SALT Encoding   

  12  0:01  SCV  
  13  0:13  SCV  
  14  0:22  Supply Depot  
  14  0:25  SCV  
  15  0:44  SCV  
  15  0:46  Barracks  
  16  0:55  Refinery  
  16  0:56  SCV  
  17  0:57  Refinery  
  17  1:09  SCV  
  18  1:21  SCV  
  19  1:33  Orbital Command  
  19  1:35  Marine  
  20  1:44  Factory  
  20  1:52  Marine  
  21  2:05  SCV  
  22  2:10  Marine  
  23  2:23  Supply Depot  
  23  2:32  Starport  
  23  2:44  Marine, SCV  
  25  3:02  Marine  
  25  3:03  Command Center  
  25  3:05  SCV  
  27  3:17  SCV  
  27  3:18  Starport Tech Lab  
  28  3:24  Fusion Core  
  28  3:26  Marine  
  29  3:29  SCV  
  30  3:41  SCV  
  31  3:50  Supply Depot  
  31  3:53  Supply Depot  
  31  4:12  Marine, Battlecruiser, SCV  
  31  4:16  Factory Tech Lab  
  39  4:24  Orbital Command  
  39  4:28  SCV  
  39  4:29  Marine  
  41  4:40  SCV  
  42  4:51  Barracks Tech Lab  
  42  4:53  SCV  
  43  5:00  Barracks  
  43  5:02  Engineering Bay  
  43  5:05  SCV  
  44  5:11  Armory  
  44  5:16  SCV  
  44  5:17  SCV  
  46  5:26  Marine  
  46  5:28  SCV  
  48  5:40  SCV  
  49  5:44  Marine  
  48  5:52  SCV  
  34  6:02  Marine  
  30  6:15  Terran Infantry Weapons Level 1  
  24  6:25  Marine  
  19  6:27  Marine  
  19  6:43  Marine  
  19  6:45  Marine  
  16  7:01  Marine  
  13  7:03  Marine  
  15  7:19  Marine  
  15  7:21  Marine  
  17  7:36  Marine  
  15  7:38  Marine  
  16  7:53  SCV  
  16  7:54  Marine  
  16  7:56  Marine  
  19  8:05  SCV  
  20  8:10  Orbital Command  
  20  8:12  Marine  
  21  8:14  Marine  
  21  8:17  SCV  
  23  8:29  SCV  
  24  8:40  Barracks Reactor  
  24  8:41  SCV  
  25  8:51  SCV  
  25  8:53  SCV  
  27  8:59  Marine  
  28  9:03  SCV  
  28  9:05  SCV, Combat Shield  
  28  9:08  Terran Infantry Weapons Level 2  
  30  9:15  SCV  
  30  9:16  Liberator  
  31  9:17  Marine, SCV  
  31  9:18  Marine x2  
  35  9:27  SCV  
  36  9:35  Marine  
  36  9:36  Marine x2  
  42  9:39  SCV  
  42  9:41  SCV  
  44  9:52  Marine, SCV  
  45  9:53  SCV  
  45  9:54  Marine x2  
  49  10:02  Barracks  
  49  10:04  SCV  
  49  10:05  SCV  
  51  10:09  Barracks  
  51  10:10  Marine  
  51  10:12  Marine x2  
  54  10:16  SCV  
  54  10:17  SCV  
  56  10:24  Stimpack  
  56  10:28  Marine, SCV  
  57  10:29  Marine, SCV  
  57  10:30  Marine  
  61  10:40  SCV  
  62  10:59  Supply Depot  
  62  11:10  Supply Depot  
  62  11:20  Marine x2, SCV x2  
  66  11:32  SCV x2  
  68  11:42  Marine  
  68  11:43  Marine x2  
  71  11:50  Barracks Reactor  
  71  11:56  Refinery  
  71  12:00  Marine  
  71  12:01  Marine x2, SCV  
  75  12:13  SCV  
  76  12:18  Marine x2  
  78  13:11  Supply Depot  
  78  13:12  Supply Depot  
  78  13:13  Supply Depot  
  78  13:14  Supply Depot  
  78  13:18  Refinery  
  78  13:20  Refinery  
  78  13:32  Marine x3, SCV x2  
  83  13:44  SCV x2  
  65  13:50  Marine  
  66  13:56  SCV x2  
  68  14:08  Marine  
  68  14:09  SCV x2  
  68  14:24  Marine x5  
  69  14:25  Marine  
  69  14:31  Thor  
  74  14:37  Liberator  
  80  14:41  Marine  
  80  14:42  Marine x4  
  80  14:43  Marine  
  86  14:59  Marine  
  90  15:00  Marine x4  
  90  15:01  Marine  
  95  15:14  Thor  
  95  15:17  Marine x2  
  95  15:18  Marine x3  
  95  15:19  Marine  
  107  15:30  Liberator  
  107  15:35  Marine x3  
  110  15:47  Marine x3  
  110  16:12  Supply Depot  
  110  16:14  Supply Depot  
  110  16:16  Supply Depot  
  110  16:18  Supply Depot  
  110  16:33  Marine x6  
  110  16:35  Thor  
  122  16:51  Marine x5  
  127  17:05  Command Center  
  127  17:15  Command Center  
  127  17:18  Thor  
  133  18:01  Thor  
  139  18:17  Orbital Command  
  139  18:23  Refinery  
  139  18:27  Refinery  
  139  18:28  Orbital Command  
  139  18:31  Refinery  
  139  18:44  Thor  
  139  18:46  Marine x6  
  151  19:04  Marine x6  
  152  19:21  Marine  
  152  19:22  Marine x5  
  158  19:26  Thor  
  164  19:39  Medivac, Marine  
  164  19:40  Marine x5  
  116  19:57  Marine x3  
  116  19:58  Marine x3  
  106  20:09  Medivac, Thor  
  105  20:15  Marine x6  
  83  20:33  Marine x6  
  89  20:39  Medivac  
  91  20:50  Marine  
  91  20:51  Marine x5  
  91  20:52  Thor  
  103  21:01  SCV  
  103  21:02  Factory  
  104  21:04  Factory  
  104  21:08  Marine  
  104  21:09  Medivac, Marine x2  
  109  21:14  SCV  
  109  21:17  Marine x3  
  113  21:26  Marine, SCV  
  113  21:27  Marine  
  109  21:34  Marine  
  109  21:38  SCV  
  88  21:50  SCV  
  55  22:19  Factory Reactor x2  
  55  22:21  Factory Tech Lab x2  
  55  22:28  Marine x5  
  60  22:46  Marine x5  
  65  23:03  Thor, Marine  
  65  23:04  Thor, Marine x4  
  82  23:12  Barracks  
  82  23:14  Barracks  
  82  23:16  Barracks  
  82  23:17  Barracks x2  
  82  23:21  Marine  
  82  23:22  Marine x4  
  87  23:35  Factory  
  87  23:37  Factory  
  87  23:40  Marine  
  85  23:46  Thor  
  91  24:03  Marine  
  91  24:04  Marine x4  
  91  24:07  Barracks Reactor  
  91  24:08  Barracks Reactor x4  
  96  24:13  Thor  
  102  24:21  Factory Tech Lab, Marine  
  102  24:22  Factory Tech Lab, Marine x3  
  107  24:29  Thor  
  113  24:34  Barracks Reactor  
  113  24:37  Terran Infantry Weapons Level 3  
  112  24:39  Marine x3  
  112  24:40  Marine, Terran Vehicle And Ship Armor Level 1  
  116  24:56  Thor  
  116  24:57  Marine x2  
  124  25:00  Marine x3  
  124  25:01  Marine x6  
  124  25:02  Marine x3  
  136  25:15  Marine x2  
  136  25:16  Thor x2  
  136  25:17  Thor  
  136  25:18  Marine x4  
  136  25:19  Marine x4  
  164  25:32  Refinery  
  164  25:48  Supply Depot  
  164  25:50  Supply Depot x2  
  164  25:54  Supply Depot  
  164  25:56  Supply Depot, Thor  
  170  25:57  Supply Depot  
  170  25:59  Thor x2  
  170  26:00  Thor  
  188  26:19  Marine  
  188  26:20  Marine x11  
  134  27:12  Thor  
  134  27:13  Thor x2  
  152  27:17  Terran Vehicle And Ship Armor Level 2  
  126  27:56  Thor x2  
  62  28:33  Thor  
  50  28:45  Missile Turret  
  50  29:30  Thor x3  
  50  29:31  Thor  
  73  30:16  Thor x3  
Show
View Real Time Build Order
Export as new Build Order

MegroN Zerg 

Build Orders: Hatch First, Lurkers 

Get SALT Encoding   

  12  0:10  Overlord  
  12  0:18  Drone x2  
  15  0:28  Drone  
  15  0:32  Drone  
  16  0:43  Drone  
  17  0:56  Hatchery  
  16  0:58  Drone  
  17  1:06  Drone  
  17  1:07  Extractor  
  17  1:23  Drone  
  17  1:24  Spawning Pool  
  17  1:31  Drone  
  18  1:41  Drone  
  19  2:10  Drone x3  
  19  2:11  Drone  
  19  2:12  Queen x2  
  19  2:14  Metabolic Boost  
  27  2:23  Drone  
  28  2:42  Overlord  
  28  2:52  Spore Crawler  
  28  2:56  Spore Crawler  
  26  2:59  Drone x2  
  26  3:01  Drone x4  
  32  3:12  Hatchery  
  31  3:24  Zergling x2  
  31  3:25  Zergling x8  
  36  3:39  Overlord  
  36  3:40  Overlord  
  36  3:44  Spore Crawler  
  36  3:47  Spore Crawler  
  34  3:57  Drone, Spore Crawler  
  34  3:58  Drone x5  
  39  4:02  Extractor  
  38  4:19  Spine Crawler  
  38  4:21  Drone x3, Spine Crawler  
  38  4:23  Drone  
  38  4:24  Drone x2  
  42  4:31  Zergling x2  
  43  4:38  Drone x3  
  43  4:39  Drone, Evolution Chamber  
  46  4:47  Zergling x2  
  46  4:48  Zergling x2  
  48  4:59  Lair  
  48  5:03  Drone x3  
  51  5:07  Overlord  
  51  5:08  Overlord x2  
  51  5:13  Zerg Melee Weapons Level 1  
  51  5:31  Zergling x2  
  52  5:36  Zergling x6  
  52  5:40  Queen  
  56  5:53  Zergling x2  
  54  6:16  Zergling x4  
  52  6:23  Zergling x22  
  62  6:28  Extractor  
  62  6:30  Extractor  
  61  6:32  Zergling x2  
  61  6:33  Zergling x2, Hydralisk Den  
  59  6:50  Zergling x8  
  53  7:17  Zergling x2  
  53  7:18  Zergling x4  
  54  7:28  Drone x3  
  52  7:30  Drone x3  
  50  7:38  Drone x4  
  50  7:39  Drone x2  
  53  7:56  Zergling x6  
  52  8:09  Zergling x2  
  45  8:20  Zergling x2  
  44  8:28  Grooved Spines  
  44  8:29  Hydralisk x3  
  44  8:30  Hydralisk x8  
  44  8:33  Zerg Missile Weapons Level 1  
  65  8:40  Drone x2  
  66  9:03  Drone x2  
  66  9:06  Evolution Chamber  
  67  9:12  Zergling x2  
  67  9:14  Overlord x3  
  67  9:15  Overlord x5  
  67  9:16  Overlord  
  68  9:17  Overseer x2  
  68  9:18  Overseer  
  68  9:34  Queen x2  
  68  9:36  Hydralisk  
  68  9:37  Hydralisk x3  
  80  9:39  Zerg Ground Armor Level 1  
  79  9:55  Spore Crawler  
  79  9:57  Spore Crawler  
  79  9:59  Drone x2  
  79  10:01  Drone x3, Spore Crawler  
  81  10:12  Muscular Augments  
  81  10:18  Drone, Lurker Den  
  81  10:21  Drone x6  
  87  10:26  Hatchery  
  86  10:41  Hydralisk x4  
  94  10:44  Hydralisk, Extractor  
  94  10:45  Extractor  
  94  10:48  Hatchery  
  93  11:14  Hydralisk  
  93  11:15  Hydralisk x5  
  105  11:44  Lurker x2  
  105  11:45  Lurker x11  
  105  11:46  Lurker  
  119  12:01  Drone x6, Spore Crawler  
  121  12:02  Spore Crawler  
  121  12:08  Zerg Missile Weapons Level 2  
  123  12:17  Zergling x2  
  123  12:18  Zergling x2  
  123  12:20  Zergling x2  
  126  12:26  Extractor  
  126  12:27  Extractor  
  126  12:28  Spore Crawler  
  120  13:08  Drone x3  
  120  13:09  Drone x3  
  120  13:10  Drone x3  
  120  13:11  Drone x4  
  92  14:19  Hydralisk x2  
  92  14:20  Hydralisk x14  
  124  14:32  Drone x3  
  124  14:34  Drone x5  
  124  14:35  Drone  
  133  14:47  Infestation Pit  
  132  14:55  Zergling x18  
  141  15:20  Hatchery  
  138  15:21  Extractor  
  138  15:22  Extractor  
  135  15:45  Hydralisk  
  135  15:46  Hydralisk x9  
  149  15:52  Drone x3  
  149  15:54  Overlord  
  149  15:55  Overlord x7  
  149  15:56  Overlord  
  152  15:59  Spire  
  152  16:02  Hive  
  151  16:27  Drone x2  
  151  16:28  Drone x3  
  151  16:30  Drone x6  
  151  16:31  Drone x6  
  168  16:59  Zerg Ground Armor Level 2  
  168  17:16  Greater Spire  
  164  18:20  Corruptor  
  164  18:21  Corruptor x17  
  162  19:08  Brood Lord x4  
  162  19:09  Brood Lord x4  
  153  19:10  Brood Lord  
  128  19:17  Hydralisk  
  128  19:18  Hydralisk x17  
  128  19:19  Hydralisk x9  
  127  20:20  Hatchery  
  121  20:25  Brood Lord x3  
  122  20:31  Drone x4  
  122  20:34  Hatchery  
  122  20:35  Drone, Extractor  
  123  20:36  Drone x3, Viper  
  123  20:37  Extractor  
  129  20:45  Drone x2  
  129  20:46  Drone  
  124  21:00  Hydralisk x12  
  124  21:02  Extractor  
  147  21:07  Lurker x2  
  147  21:08  Lurker  
  138  21:16  Corruptor  
  132  21:43  Pneumatized Carapace  
  132  21:46  Hydralisk x5  
  100  22:13  Corruptor x2  
  100  22:14  Corruptor x3  
  102  22:20  Drone x3  
  102  22:21  Drone  
  83  22:48  Hydralisk x5  
  83  22:49  Hydralisk x3  
  89  23:01  Lurker x2  
  91  23:10  Hydralisk x6  
  92  23:39  Lurker x5  
  81  24:04  Spore Crawler x2  
  81  24:08  Queen x3  
  85  24:10  Spore Crawler  
  85  24:12  Hydralisk  
  85  24:13  Hydralisk x10  
  106  24:28  Spore Crawler  
  106  24:31  Corruptor x3  
  105  24:32  Spore Crawler  
  110  24:44  Queen  
  112  25:00  Corruptor x2  
  112  25:01  Corruptor  
  118  25:08  Extractor x2  
  118  25:09  Hatchery  
  115  25:45  Overseer x2  
  115  25:46  Overseer, Overlord x2  
  115  25:48  Drone x20  
  115  25:49  Drone  
  134  26:50  Brood Lord x3  
  118  27:05  Lurker x4  
  118  27:06  Lurker x2  
  120  27:09  Zergling x2  
  120  27:10  Zergling x58  
  116  27:49  Hydralisk  
  116  27:50  Hydralisk x20  
  118  28:39  Zergling x14  
  118  28:40  Zergling x18  
  134  28:46  Lurker  
  134  28:47  Lurker x4  
  106  29:07  Zergling x8  
  106  29:09  Hatchery  
  108  29:10  Extractor  
  108  29:12  Extractor  
  94  29:33  Hydralisk x5  
  96  30:09  Hatchery  
  91  30:17  Zergling x2  
  91  30:18  Zergling x4  
  88  30:50  Extractor  
  88  30:51  Zergling x2  
  88  30:52  Zergling x16  
  70  31:23  Zergling x4  
Show
View Real Time Build Order
Export as new Build Order

HoneyBadger Protoss - Winner!

Build Orders: 1 Gate Expand 

Get SALT Encoding   

  12  0:01  Probe  
  13  0:13  Probe  
  14  0:20  Pylon  
  14  0:25  Probe  
  15  0:35  Probe  
  16  0:43  Gateway, Probe  
  17  0:52  Assimilator  
  17  0:53  Probe  
  18  1:05  Probe  
  19  1:17  Probe  
  20  1:29  Probe  
  21  1:36  Nexus  
  21  1:43  Cybernetics Core  
  21  1:45  Probe  
  22  1:52  Assimilator  
  22  2:01  Probe  
  22  2:05  Pylon  
  23  2:23  Adept  
  23  2:25  Probe  
  26  2:37  Probe  
  26  2:40  Warp Gate  
  27  2:47  Nexus  
  27  2:56  Shield Battery, Probe  
  27  2:57  Probe  
  27  3:03  Stalker  
  27  3:05  Probe  
  32  3:25  Stargate  
  32  3:31  Twilight Council, Probe  
  32  3:32  Probe  
  33  3:40  Probe  
  34  3:43  Probe  
  34  3:45  Stalker  
  38  3:53  Probe  
  38  3:55  Pylon  
  38  4:01  Probe  
  38  4:02  Probe  
  40  4:05  Probe  
  41  4:13  Probe  
  41  4:14  Probe  
  43  4:18  Phoenix  
  43  4:21  Charge  
  43  4:22  Probe  
  46  4:25  Probe  
  46  4:26  Probe  
  48  4:31  Gateway  
  48  4:34  Probe  
  48  4:38  Assimilator, Probe x2  
  51  4:43  Phoenix  
  51  4:46  Probe  
  51  4:50  Probe x2  
  56  4:58  Probe  
  57  5:02  Phoenix, Probe x2  
  59  5:10  Probe  
  59  5:14  Stalker, Probe  
  65  5:20  Pylon, Probe  
  66  5:22  Probe  
  66  5:26  Probe  
  66  5:27  Pylon  
  68  5:32  Probe  
  68  5:33  Forge  
  69  5:38  Phoenix, Probe  
  72  5:53  Adept x2  
  76  5:58  Gateway  
  76  6:00  Gateway  
  76  6:06  Gateway  
  74  6:26  Probe x2  
  74  6:30  Pylon  
  76  6:33  Photon Cannon  
  76  6:35  Photon Cannon  
  76  6:36  Assimilator  
  76  6:38  Stalker x2  
  80  6:53  Probe x3  
  83  6:56  Photon Cannon  
  83  6:59  Photon Cannon  
  83  7:21  Gateway  
  83  7:22  Pylon  
  83  7:25  Pylon  
  75  7:32  Probe x3  
  75  7:36  Stalker x2  
  75  7:37  Stalker x3  
  86  7:44  Probe  
  85  8:01  Stalker x3  
  85  8:02  Stalker x2  
  95  8:18  Probe x3  
  98  8:20  Photon Cannon  
  98  8:24  Pylon  
  98  8:26  Gateway  
  98  8:28  Gateway  
  98  8:30  Probe x2  
  98  8:31  Gateway, Probe  
  98  8:32  Gateway  
  99  8:40  Templar Archives  
  99  8:42  Probe  
  99  8:43  Probe  
  99  8:44  Assimilator  
  99  8:46  Assimilator  
  99  8:47  Protoss Ground Weapons Level 1  
  101  8:55  Void Ray  
  101  9:00  Robotics Facility  
  101  9:02  Forge  
  101  9:04  Pylon  
  101  9:06  Pylon  
  101  9:08  Blink  
  105  9:22  Zealot x4  
  105  9:23  Zealot x3  
  119  9:59  Zealot x3  
  125  10:00  Zealot x4  
  125  10:03  Protoss Ground Armor Level 1  
  133  10:11  Pylon  
  133  10:13  Pylon  
  133  10:34  Observer, Photon Cannon  
  133  10:36  Photon Cannon  
  133  10:37  High Templar x3  
  133  10:38  High Templar  
  133  10:39  Photon Cannon  
  142  10:47  Nexus  
  142  10:50  Pylon  
  142  10:52  Pylon  
  142  10:56  Assimilator  
  142  11:00  Zealot x3, Assimilator  
  142  11:02  Pylon  
  148  11:07  Pylon  
  148  11:08  Pylon  
  148  11:10  Pylon  
  148  11:11  Zealot x5  
  148  11:12  Zealot x2  
  148  11:16  Photon Cannon  
  148  11:18  Photon Cannon  
  162  11:19  Shield Battery  
  162  11:20  Shield Battery  
  162  11:24  Shield Battery  
  162  11:27  Shield Battery  
  162  11:28  Observer, High Templar x2  
  162  11:29  High Templar  
  162  11:30  Photon Cannon  
  162  11:32  Photon Cannon  
  168  11:36  Photon Cannon  
  169  11:40  Photon Cannon  
  169  11:43  Photon Cannon  
  169  11:46  Observer  
  169  11:53  Protoss Ground Weapons Level 2  
  169  12:01  Psionic Storm  
  169  12:07  Observer  
  170  12:15  Zealot x6  
  178  12:16  Zealot x4  
  188  12:51  High Templar x4  
  184  12:53  Zealot x4  
  184  12:54  Zealot  
  184  12:56  Archon  
  184  12:57  Archon  
  157  13:53  Zealot x9  
  157  13:54  Zealot  
  115  14:18  Zealot x2  
  115  14:19  Zealot x2  
  115  14:20  Zealot x6  
  115  14:21  Observer  
  135  14:31  Protoss Ground Armor Level 2  
  136  14:34  Protoss Ground Weapons Level 3  
  136  14:40  Observer, Probe  
  136  14:42  Stargate  
  136  14:43  Probe x3  
  136  14:45  Robotics Bay  
  141  14:48  Probe  
  142  14:55  Probe x3  
  145  15:01  Observer  
  146  15:07  Probe x2  
  146  15:11  High Templar x6  
  160  15:23  Archon x3  
  160  15:28  Zealot x4  
  164  15:34  Gateway  
  168  15:38  Gateway  
  168  15:45  High Templar x3, Gateway  
  168  15:46  Zealot  
  168  15:47  Zealot x2  
  168  15:48  Gateway  
  168  15:49  Archon  
  180  15:51  Observer, Nexus  
  180  15:54  Pylon  
  180  15:57  Pylon  
  180  16:01  Pylon  
  180  16:03  Assimilator  
  181  16:04  Assimilator  
  181  16:09  Observer  
  182  16:51  High Templar x5  
  182  16:52  Zealot  
  182  16:53  Zealot x3, Nexus  
  200  16:55  Pylon  
  200  16:56  Archon x2  
  200  17:00  Pylon  
  200  17:02  Assimilator  
  200  17:08  Photon Cannon, Assimilator  
  200  17:11  Photon Cannon  
  200  17:14  Photon Cannon  
  200  17:19  Photon Cannon  
  200  17:24  Shield Battery  
  200  17:27  Shield Battery  
  196  17:30  Shield Battery  
  196  17:35  Zealot  
  196  17:36  Zealot x4  
  196  17:37  Zealot  
  193  18:08  Pylon  
  193  18:10  Photon Cannon, Probe  
  193  18:13  Probe x4  
  193  18:14  Photon Cannon  
  193  18:18  Photon Cannon  
  198  18:23  Photon Cannon  
  198  18:24  Protoss Shields Level 1  
  198  18:25  Probe  
  198  18:26  Gateway  
  199  18:27  Fleet Beacon  
  199  18:30  Protoss Ground Armor Level 3, Gateway  
  137  19:15  Zealot x4  
  137  19:16  Zealot x7  
  137  19:17  Zealot x3  
  165  19:33  Tempest x2  
  165  19:34  Zealot x2  
  165  19:35  Zealot  
  163  19:52  Stalker x3  
  157  19:53  Stalker x6  
  157  19:54  Stalker x2  
  157  19:55  Stalker  
  135  20:15  Tempest  
  124  20:22  Stalker x2  
  124  20:23  Stalker x6  
  124  20:24  Stalker x6  
  124  20:25  Stalker  
  150  20:43  Stargate  
  150  20:44  Stargate  
  150  20:45  Tempest  
  150  20:48  Tempest  
  153  20:59  High Templar x4  
  153  21:00  High Templar x7  
  147  21:28  Tempest  
  147  21:29  Stalker  
  147  21:30  Stalker x2  
  147  21:31  Tempest  
  129  22:11  Tempest  
  129  22:12  Zealot x6  
  129  22:14  Tempest  
  139  22:37  Zealot  
  122  22:57  Tempest  
  117  23:40  Tempest  
  122  24:06  Nexus  
  118  24:25  Archon x3  
  118  24:26  Archon  
  118  24:28  High Templar x3  
  124  24:33  Archon  
  124  25:33  Tempest x3  
  124  25:34  Tempest  
  132  26:00  Zealot x2  
  132  26:01  Zealot x7  
  132  26:02  Zealot  
  152  26:16  Tempest x3  
  167  26:22  High Templar x5  
  177  26:27  Archon x2  
  177  26:30  Archon  
  153  26:54  High Templar  
  153  26:55  Zealot x4  
  153  26:56  Zealot x3  
  169  27:13  Assimilator  
  169  27:30  Tempest x2  
  172  28:57  Tempest x3  
  187  29:36  Carrier  
  193  29:46  Cybernetics Core  
  193  29:50  Cybernetics Core  
  187  30:52  Tempest x2  
  187  30:55  High Templar  
Show
View Real Time Build Order
Export as new Build Order

Sparky Terran 

Build Orders:  

Get SALT Encoding   

  12  0:02  SCV  
  13  0:20  Supply Depot  
  13  0:22  SCV  
  14  0:45  Barracks  
  14  0:48  SCV  
  15  1:00  SCV  
  16  1:09  Supply Depot  
  16  1:27  SCV  
  17  1:39  SCV  
  18  1:44  Refinery  
  18  1:55  Marine  
  18  1:56  Engineering Bay  
  19  2:02  SCV  
  20  2:13  Marine  
  20  2:14  SCV  
  22  2:26  SCV  
  23  2:31  Marine  
  24  2:38  SCV  
  24  2:40  Refinery  
  25  2:49  Marine  
  25  2:51  SCV  
  27  3:03  SCV  
  27  3:04  Command Center  
  28  3:06  Marine  
  29  3:15  SCV  
  30  3:21  Factory  
  30  3:27  SCV  
  30  3:30  Missile Turret  
  31  3:36  Missile Turret  
  31  3:37  Hi-Sec Auto Tracking  
  31  3:59  Supply Depot  
  31  4:02  Supply Depot  
  31  4:08  Missile Turret  
  31  4:15  Marine, SCV  
  33  4:17  SCV  
  34  4:28  SCV  
  34  4:29  SCV  
  36  4:32  Missile Turret  
  36  4:33  Marine  
  36  4:37  Missile Turret  
  37  4:39  Missile Turret  
  37  4:40  SCV  
  37  4:41  Factory Tech Lab, SCV  
  39  4:51  Marine  
  39  4:52  SCV  
  41  4:53  SCV  
  41  4:59  Missile Turret  
  42  5:04  SCV  
  42  5:05  SCV  
  44  5:08  Missile Turret  
  44  5:09  Marine  
  45  5:16  SCV  
  45  5:17  Missile Turret  
  46  5:26  Marine, Missile Turret  
  47  5:33  Missile Turret, SCV  
  48  5:41  Siege Tank  
  51  5:46  SCV  
  51  5:47  Refinery  
  52  5:55  Missile Turret  
  52  5:58  Missile Turret  
  52  6:03  Factory  
  52  6:13  Siege Tank  
  52  6:15  SCV  
  56  6:20  Refinery  
  56  6:27  SCV  
  57  6:39  SCV  
  58  6:42  Missile Turret  
  58  6:45  Siege Tank  
  58  6:46  Missile Turret  
  61  6:51  SCV  
  62  6:54  Factory Tech Lab  
  62  6:58  Armory  
  62  7:14  Supply Depot  
  62  7:17  Supply Depot  
  62  7:19  Supply Depot  
  62  7:22  Missile Turret  
  62  7:25  Missile Turret  
  62  7:36  Siege Tank, SCV  
  66  7:37  Siege Tank  
  69  7:47  Missile Turret  
  69  7:48  SCV  
  69  7:49  Missile Turret  
  70  8:00  SCV  
  71  8:08  Siege Tank  
  71  8:09  Siege Tank  
  77  8:20  Supply Depot  
  77  8:27  Factory  
  77  8:40  Siege Tank  
  80  8:41  Siege Tank  
  83  9:11  Terran Vehicle Weapons Level 1  
  83  9:12  Siege Tank  
  83  9:13  Siege Tank  
  89  9:31  Factory Tech Lab  
  89  9:52  Siege Tank  
  92  9:59  Supply Depot  
  92  10:03  Supply Depot  
  92  10:14  SCV  
  93  10:21  Siege Tank  
  96  10:24  Siege Tank  
  96  10:26  SCV  
  100  10:32  Siege Tank  
  103  10:38  SCV  
  104  10:50  SCV  
  104  10:53  Siege Tank  
  108  11:02  Missile Turret  
  108  11:04  Supply Depot  
  108  11:05  Supply Depot, Terran Vehicle And Ship Armor Level 1  
  108  11:18  SCV  
  108  11:25  Siege Tank x3  
  118  11:33  Supply Depot, Missile Turret  
  118  11:34  Supply Depot  
  118  11:42  Supply Depot  
  118  11:43  Supply Depot  
  118  11:56  Planetary Fortress  
  118  11:57  Siege Tank  
  121  12:01  Refinery  
  121  12:09  Siege Tank  
  121  12:10  Siege Tank  
  127  12:19  Marine  
  128  12:29  Siege Tank  
  126  12:36  Marine  
  125  12:41  Siege Tank  
  125  12:42  Siege Tank  
  122  12:54  Marine  
  123  12:59  Terran Vehicle Weapons Level 2, Missile Turret  
  123  13:02  SCV  
  123  13:03  Missile Turret  
  124  13:12  Marine  
  125  13:14  SCV  
  125  13:18  Siege Tank  
  125  13:19  Siege Tank  
  132  13:26  SCV  
  133  13:30  Marine  
  133  13:31  Missile Turret  
  133  13:32  Missile Turret  
  134  13:38  SCV  
  105  13:48  Marine  
  91  13:50  SCV  
  91  13:51  Siege Tank  
  80  14:20  Siege Tank  
  83  14:38  SCV  
  84  14:46  Siege Tank  
  84  14:50  SCV  
  84  14:52  Siege Tank  
  91  15:02  SCV  
  92  15:10  Siege Tank  
  95  15:18  Siege Tank  
  98  15:24  Siege Tank  
  101  15:37  Supply Depot  
  101  15:51  Terran Vehicle Weapons Level 3  
  101  15:56  Siege Tank  
  104  15:57  SCV  
  104  15:59  Refinery  
  105  16:09  SCV  
  106  16:22  SCV  
  107  16:28  Thor  
  113  16:55  Missile Turret  
  113  16:57  Thor  
  113  17:00  Thor  
  125  17:14  Missile Turret  
  125  17:34  Missile Turret  
  125  17:44  Missile Turret  
  124  17:55  Missile Turret  
  124  18:15  Missile Turret  
  124  18:23  Missile Turret  
  124  18:34  Thor  
  124  18:35  Thor  
  124  18:37  Thor  
  142  18:56  Sensor Tower  
  142  18:59  Terran Vehicle And Ship Armor Level 2  
  114  20:40  Siege Tank x2  
  114  20:41  Siege Tank  
  123  21:12  Siege Tank  
  123  21:13  Siege Tank x2  
  120  21:44  Thor  
  120  21:45  Siege Tank  
  120  21:46  Siege Tank  
  132  22:16  Thor  
  132  22:17  Thor  
  144  22:27  Thor  
  120  22:59  Thor  
  120  23:00  Thor  
  126  24:02  Thor  
  132  24:05  Siege Tank  
  114  24:37  Siege Tank  
  117  24:45  Thor  
  123  24:51  Terran Vehicle And Ship Armor Level 3  
  123  24:54  Siege Tank  
  126  25:03  Thor x6  
  126  25:09  Siege Tank  
  129  25:28  Thor  
  135  25:41  Siege Tank  
  138  26:01  Siege Tank  
  141  26:11  Siege Tank  
  144  26:13  Siege Tank  
  68  28:41  Thor  
  74  29:12  Command Center  
  74  29:24  Thor  
  80  29:40  Refinery  
  80  29:43  Refinery  
  80  29:47  Siege Tank  
  83  30:18  Thor x4  
Tags
 
Add a new tag
Caveats
  • Supply blocks, unpowered buildings, or Contaminate may cause inaccurate times.
  • Supply counts are checked every 10 seconds.